General information
			
			
        
        - name: BNet
 
        - type: Ladder 1vs1/FFA
 
        - host: Battle.net
 
        - saver: mannerscrew
 
        
map: CentaurGrove 
        - players: 2
 
        - length: 23:01
 
        - speed: Fast
 - version: 1.22 W3XP
 - replay type:  Public
 
» download(81 KB)
Players
        team 1 (winner) 
              
              
» 
millertime1 (
green | 85 APM | 1947 actions | 23:01)
              
 5 Firelord 
 3 Summon Lava Spawn
 1 Incinerate
 1 Soul Burn
 3 Archmage 
 1 Summon Water Elemental
 2 Brilliance Aura
 
                » actions 
                
                | Assign group hotkey | 51 |  | 
| Basic commands | 165 |  | 
| Build / train | 106 |  | 
| Enter build submenu | 43 |  | 
| Enter hero's abilities submenu | 8 |  | 
| Give item / drop item | 1 |  | 
| Right click | 423 |  | 
| Select / deselect | 470 |  | 
| Select group hotkey | 598 |  | 
| Use ability | 82 |  | 
                1947 total
 » units 
                
                | Peasant | 19 |  | 
| Rifleman | 7 |  | 
| Spell Breaker | 9 |  | 
| Mortar Team | 4 |  | 
| Priest | 4 |  | 
| Knight | 6 |  | 
| Sorceress | 2 |  | 
                51 total
 » upgrades
                
                | Masonry | 1 |  | 
| Gunpowder | 1 |  | 
| Plating | 2 |  | 
| Long Rifles | 1 |  | 
| Priest Training | 2 |  | 
| Swords | 3 |  | 
| Lumber Harvesting | 2 |  | 
| Animal War Training | 1 |  | 
| Fragmentation Shards | 1 |  | 
| Armor | 1 |  | 
| Control Magic | 1 |  | 
| Flare | 1 |  | 
| Sorceress Training | 1 |  | 
                18 total
 » buildings
                
                | Farm | 14 |  | 
| Altar of Kings | 1 |  | 
| Lumber Mill | 1 |  | 
| Scout Tower | 15 |  | 
| Arcane Tower | 3 |  | 
| Guard Tower | 11 |  | 
| Barracks | 1 |  | 
| Blacksmith | 1 |  | 
| Arcane Vault | 1 |  | 
| Keep | 1 |  | 
| Town Hall | 1 |  | 
| Arcane Sanctum | 2 |  | 
| Castle | 1 |  | 
| Workshop | 1 |  | 
                54 total
 » build order
                00:21 Farm
00:36 Altar of Kings
01:21 Farm
01:33 Lumber Mill
01:52 Scout Tower
01:56 Scout Tower
02:01 Farm
02:38 Arcane Tower
02:39 Guard Tower
02:55 Barracks
03:06 Blacksmith
03:17 Scout Tower
03:29 Arcane Vault
03:50 Guard Tower
03:53 Scout Tower
03:56 Farm
04:33 Guard Tower
05:32 Keep
06:07 Farm
07:25 Scout Tower
07:27 Scout Tower
07:29 Scout Tower
07:32 Scout Tower
07:42 Farm
07:55 Guard Tower
07:56 Guard Tower
07:57 Guard Tower
08:03 Guard Tower
08:10 Town Hall
08:15 Scout Tower
08:17 Scout Tower
08:18 Scout Tower
08:22 Scout Tower
08:27 Scout Tower
08:30 Scout Tower
09:13 Guard Tower
09:31 Arcane Tower
09:33 Arcane Tower
09:35 Guard Tower
10:12 Arcane Sanctum
10:27 Scout Tower
10:34 Arcane Sanctum
10:41 Guard Tower
10:53 Castle
11:06 Guard Tower
11:48 Workshop
12:47 Farm
12:50 Farm
12:52 Farm
15:09 Farm
15:13 Farm
19:07 Farm
19:07 Farm
20:00 Farm
» items
                
                | Lesser Clarity Potion | 2 |  | 
| Scroll of Regeneration | 2 |  | 
| Potion of Healing | 2 |  | 
| Scroll of Town Portal | 3 |  | 
                9 total
  
               team 2 (loser) 
              
              
mannerscrew (
teal | 138 APM | 3176 actions | 23:01)
              
 5 Demon Hunter 
 3 Mana Burn
 2 Evasion
 4 Beastmaster 
 2 Summon Quilbeast
 2 Summon Hawk
 3 Naga Sea Witch 
 1 Frost Arrows
 2 Forked Lightning
 
                » actions 
                
                | Assign group hotkey | 29 |  | 
| Basic commands | 382 |  | 
| Build / train | 102 |  | 
| ESC pressed | 2 |  | 
| Enter build submenu | 22 |  | 
| Enter hero's abilities submenu | 15 |  | 
| Give item / drop item | 12 |  | 
| Right click | 728 |  | 
| Select / deselect | 258 |  | 
| Select group hotkey | 1536 |  | 
| Use ability | 85 |  | 
                3176 total
 » units 
                
                | Wisp | 31 |  | 
| Archer | 8 |  | 
| Dryad | 7 |  | 
| Druid of the Claw | 5 |  | 
                51 total
 » upgrades
                
                | Ultravision | 1 |  | 
| Druid of the Claw Training | 2 |  | 
| Abolish Magic | 1 |  | 
| Well Spring | 1 |  | 
| Strength of the Wild | 4 |  | 
| Reinforced Hides | 4 |  | 
| Nature's Blessing | 1 |  | 
| Mark of the Claw | 1 |  | 
                15 total
 » buildings
                
                | Altar of Elders | 1 |  | 
| Moon Well | 7 |  | 
| Ancient of War | 1 |  | 
| Tree of Ages | 1 |  | 
| Ancient of Wonders | 1 |  | 
| Hunter's Hall | 1 |  | 
| Ancient of Lore | 3 |  | 
| Tree of Eternity | 4 |  | 
| Tree of Life | 3 |  | 
| Ancient of Wind | 1 |  | 
| Chimaera Roost | 1 |  | 
                24 total
 » build order
                00:05 Altar of Elders
00:17 Moon Well
00:32 Ancient of War
01:33 Moon Well
02:57 Tree of Ages
03:13 Moon Well
03:37 Ancient of Wonders
03:49 Hunter's Hall
04:27 Moon Well
05:56 Ancient of Lore
06:03 Ancient of Lore
06:28 Ancient of Lore
07:00 Tree of Eternity
07:00 Tree of Eternity
07:00 Tree of Eternity
10:07 Tree of Life
10:51 Moon Well
10:52 Moon Well
11:03 Moon Well
13:40 Tree of Life
16:06 Ancient of Wind
19:55 Tree of Life
21:33 Chimaera Roost
» items
                
                | Staff of Preservation | 1 |  | 
| Orb of Venom | 1 |  | 
| Scroll of Protection | 2 |  | 
| Scroll of Healing | 2 |  | 
                6 total
  
                Chat log
          (00:24 / All) mannerscrew: hf
(00:29 / All) millertime1: you too
(02:17 / All) mannerscrew: :(
(20:19 / All) millertime1: are you maphacking
(20:26 / All) mannerscrew: are you serious
(20:35 / All) millertime1: well you constantly hit me when i leave, even a peasant
(20:51 / All) mannerscrew: that was like..the 2nd time
(20:55 / All) mannerscrew: dont be so paranoid